bowhack, neutral female sylph Ranger -------- ----- |......| --------- ---...--- |......| |........# |.......| |......| ----------- |.......|# |..._...| #.......-#%######...<......| |.......|# |.......| ###--....-- |.........| |....... # |.......| # ---.-- |.........| -----.-- # ---...---### # |.........| # # -.--- # ### -------.--- ### # # # # ######## # # # # ### # ### # # # # ### ### --.-----# #######%########` ####### # |.....%.# -E-|-----|--- ### |.....*| |.q.......*.| # |......-# |............##########+ -------- |..........#| ------------- bowhack the Trailblazer Experience level: 9 Strength: 11 Dexterity: 13 Constitution: 16 Intelligence: 14 Wisdom: 14 Charisma: 7 Health: 0(68) Energy: 56(56) Def: 3 Gold: 872 Moves: 10565 Dungeon seed: Z0e6ECoa-EqqsGwm Game ID: bowhack_1452604802 Your Inventory: Coins $ - 872 gold pieces Weapons a - an uncursed rusty +1 dagger b - an uncursed +2 bow (weapon in hand) c - 47 uncursed +2 arrows (in quiver) j - an uncursed +0 elven dagger k - 5 uncursed +0 arrows p - an uncursed +0 dagger N - 13 uncursed +0 arrows V - a blessed +0 dagger (alternate weapon; not wielded) Armor e - an uncursed +2 cloak of displacement (being worn) n - an uncursed +0 oilskin cloak q - a cursed -1 dwarvish cloak Comestibles h - an uncursed lizard corpse i - an uncursed tripe ration l - an uncursed cherry G - an uncursed egg Wands g - an uncursed wand of slow monster (0:3) A - an uncursed wand of sleep (0:3) P - an uncursed wand of striking (0:0) T - an uncursed wand of polymorph (0:1) Tools w - an uncursed magic whistle y - an uncursed mirror B - an uncursed bag of holding E - an uncursed stethoscope F - 7 uncursed tallow candles (0:200) Z - an uncursed tin whistle Gems r - an uncursed worthless piece of green glass Contents of the bag of holding: 10646 gold pieces an uncursed apple 4 uncursed cherries 9 uncursed cram rations an uncursed eucalyptus leaf an uncursed food ration 7 uncursed fortune cookies an uncursed pear 4 uncursed sprigs of wolfsbane 3 uncursed tripe rations an uncursed scroll of blank paper a cursed scroll of teleportation a blessed scroll of water an uncursed spellbook of finger of death an uncursed potion of extra healing an uncursed potion of fruit juice an uncursed potion of full healing an uncursed potion of gain energy a potion of holy water an uncursed potion of sleeping an uncursed potion of water an uncursed ring of protection from shape changers an uncursed wand of enlightenment (0:14) an uncursed blindfold an uncursed garnet stone an uncursed worthless piece of black glass Spells and supernatural/magical abilities: Name Level Category Fail Memory W - pray for help -- divine ? -- Your skills at the end: Miscellaneous Skills wands [Basic] Weapon Skills dagger [Skilled] bow [Expert] Spellcasting Skills Final Attributes: You were fervently aligned. You were sleep resistant. You saw invisible. You had automatic searching. You had infravision. You were displaced. You were stealthy. You were protected from shape changers. You are dead. Vanquished creatures: a master mind flayer 2 giant mimics a black naga a quantum mechanic a pyrolisk a gargoyle a gelatinous cube an ettin zombie 2 giant beetles a lynx 33 leprechauns 3 lizards a scorpion an iron piercer a brown pudding a dog 3 dingos a water nymph a gnome mummy a rope golem 12 bugbears an orc shaman 2 rock moles 3 rock piercers a pony 2 fog clouds 3 yellow lights 4 gnome lords a gnomish wizard a kobold mummy 2 gray oozes 3 elf zombies a giant ant a little dog 2 floating eyes a dwarf 4 homunculi 2 kobold lords 2 kobold shamans 4 iguanas 2 hill orcs 3 rothes a rabid rat 2 centipedes 3 giant bats a monkey 2 dwarf zombies a wererat a werejackal 12 killer bees 2 coyotes a gas spore 2 hobbits 2 large kobolds 6 geckos 15 hobgoblins 7 giant rats 6 cave spiders a brown mold a yellow mold 5 gnomes 2 garter snakes 4 manes 2 gnome zombies 13 jackals 8 foxes 3 kobolds 14 newts 7 goblins 5 sewer rats 10 grid bugs a bat 9 lichens 2 kobold zombies 266 creatures vanquished. Voluntary challenges: You were vegetarian. You had followed a strict vegan diet until turn 7706. You did not adorn yourself with jewelry or accessories. You had been an atheist until turn 2565. You used a wielded weapon 152 times, starting on turn 37. You did not apply a unicorn horn. You read items or engraved 5 times, starting on turn 1717. You never genocided any monsters. You never polymorphed an object. You never changed form. You completed Sokoban on turn 5961, according to the rules. You used no wishes. You never split a pudding. You wrote Elbereth's name 5 times, starting on turn 1717. You violated your moral code, losing 3 points of alignment, starting on turn 2447. Dungeon overview: The Dungeons of Doom: levels 1 to 13 Level 1 a long staircase Level 2 a fountain Level 3 a fountain Level 4 Level 5 Level 6 stairs to Sokoban Level 7 a general store Level 8 an altar to Mercury, a fountain, a sink Level 9 Level 10 a fountain Level 11 Level 12 (quest) some fountains, a throne Level 13 <- You were here a temple to Mercury, a sink Sokoban: levels 2 to 5 Level 2 Level 3 a sink Level 4 Level 5 a magic chest stairs to The Dungeons of Doom History has recorded: On T:1 you entered the Dungeons of Doom to retrieve the Amulet of Yendor! On T:306 you reached level 2 of The Dungeons of Doom. On T:406 you advanced to experience level 2. On T:815 you reached level 3 of The Dungeons of Doom. On T:849 you reached level 4 of The Dungeons of Doom. On T:1535 you advanced to experience level 3. On T:1596 you reached level 5 of The Dungeons of Doom. On T:1752 you advanced to experience level 4. On T:1783 you advanced to experience level 5. On T:1878 you reached level 6 of The Dungeons of Doom. On T:2046 you reached level 4 of Sokoban. On T:2349 you opened a magic chest. On T:2349 you opened a magic chest. On T:2542 you advanced to experience level 6. On T:2610 you reached level 3 of Sokoban. On T:3518 you reached level 2 of Sokoban. On T:3958 you advanced to experience level 7. On T:4264 you reached level 1 of Sokoban. On T:5961 you advanced to experience level 8. On T:5961 you entered the Sokoban zoo. On T:6387 you opened a magic chest. On T:6388 you opened a magic chest. On T:6389 you opened a magic chest. On T:6391 you opened a magic chest. On T:6421 you reached level 7 of The Dungeons of Doom. On T:6584 you reached level 8 of The Dungeons of Doom. On T:7166 you reached level 9 of The Dungeons of Doom. On T:7739 you reached level 10 of The Dungeons of Doom. On T:7760 you reached level 11 of The Dungeons of Doom. On T:8338 you advanced to experience level 9. On T:8786 you reached level 12 of The Dungeons of Doom. Score breakdown: Gold: 11518 ( 1151 points) Experience: 9 levels ( 800 points) Exploration: 13 levels ( 360 points) Discoveries: 12 items ( 600 points) Variety of kills: 74 monsters ( 2000 points) Major goal: finished Sokoban ( 1000 points) Survival: died (score multiplied by 3) Total score: 17733 Latest messages: You shoot 2 arrows. The 1st arrow hits the leocrotta! The 2nd arrow hits the leocrotta! The leocrotta claws you! The leocrotta bites! The leocrotta claws you! (2x) You die... Final status: Goodbye bowhack the Ranger, killed by a leocrotta... You died in The Dungeons of Doom on dungeon level 13 with 17733 points, and 11518 pieces of gold, after 10565 moves. You were level 9 with a maximum of 68 hit points when you died.